 Dungeon Crawl Stone Soup version 0.31-a0-692-gf03d1854d5 (webtiles) character file.

Game seed: 16140515353196965933

874 qw the Skirmisher (level 8, -6/49 HPs)
             Began as a Gargoyle Hunter on Sept 6, 2023.
             Mangled by a gnoll
             ... wielding a +0 halberd
             ... led by a gnoll bouda
              (10 damage)
             ... on level 5 of the Dungeon.
             The game lasted 00:01:31 (3926 turns).

qw the Skirmisher (Gargoyle Hunter)                 Turns: 3926, Time: 00:01:31

Health: -6/49      AC: 13    Str: 15    XL:     8   Next: 4%
Magic:  8/8        EV: 11    Int: 10    God:
Gold:   414        SH:  0    Dex: 15    Spells: 7/7 levels left

rFire   . . .        Y - +0 shortbow
rCold   . . .        (shield currently unavailable)
rNeg    + . .        f - +0 ring mail
rPois   inf          (no helmet)
rElec   +            m - +0 cloak
rCorr   .            e - +0 pair of gloves
SInv    .            (no boots)
Will    +....        p - amulet of regeneration
Stlth   +            g - ring of willpower
HPRegen 1.08/turn    (no ring)
MPRegen 0.11/turn

%: no passive effects
@: no status effects
A: sickness immunity, AC +5, negative energy resistance 1, electricity
resistance, torment resistance 1, petrification resistance
a: no special abilities


You were on level 5 of the Dungeon.
You visited 1 branch of the dungeon, and saw 5 of its levels.

You collected 414 gold pieces.


Innate Abilities, Weirdness & Mutations

You are immune to sickness and miasma.
Your stone body is resilient. (AC +5)
You are immune to poison.
You resist negative energy. (rN+)
You are resistant to electric shocks. (rElec)
You are resistant to unholy torment.
You are immune to petrification.


   Skills:
 - Level 5.2 Fighting
 + Level 8.1 Ranged Weapons
 - Level 2.1 Armour
 - Level 2.1 Dodging
 - Level 1.1 Stealth


You had 7 spell levels left.
You didn't know any spells.
Your spell library was empty.

Inventory:

Hand Weapons
 Y - a +0 shortbow (weapon)
Armour
 e - a +0 pair of gloves (worn)
 f - a +0 ring mail (worn)
 m - a +0 cloak (worn)
Jewellery
 g - a ring of willpower (left hand)
 p - an amulet of regeneration (around neck)
Scrolls
 j - 2 scrolls of identify
Potions
 a - 2 potions of mutation
 b - a potion of ambrosia {unknown}
 c - 2 potions of resistance
 d - a potion of curing {unknown}
 i - a potion of cancellation
 k - a potion of brilliance {unknown}
 l - a potion of haste {unknown}
 n - a potion of degeneration {unknown}

Dungeon Overview and Level Annotations

Branches:
Dungeon (5/15)
 Temple: D:4-7

Altars:
Fedhas
Ru


Message History

The gnoll bouda is healed somewhat.
The gnoll barely misses you.
You shoot an arrow. The arrow hits the gnoll bouda.
The gnoll bouda is heavily wounded.
The gnoll completely misses you. The orc hits you but does no damage.
The orc closely misses you. The gnoll bouda barely misses you.
The gnoll hits you from afar with a +0 halberd!
The gnoll hits you but does no damage.
You shoot an arrow. The arrow hits the gnoll bouda.
The gnoll bouda is almost dead.
The orc hits you with a +0 short sword. The orc barely misses you.
The gnoll bouda misses you.
The gnoll hits you from afar with a +0 halberd!
The gnoll hits you from afar with a +0 spear.
You shoot an arrow. The arrow hits the gnoll bouda!
You kill the gnoll bouda!
The orc hits you but does no damage. The orc barely misses you.
The gnoll hits you from afar with a +0 halberd.
The gnoll hits you but does no damage.
You shoot an arrow.
The arrow hits the orc but does no damage.
The orc barely misses you. The orc closely misses you.
The gnoll hits you but does no damage. The gnoll closely misses you.
You shoot an arrow. The arrow closely misses the orc.
Your attacks no longer feel as feeble.
The orc hits you but does no damage. The orc hits you with a +0 mace.
The gnoll hits you from afar with a +0 halberd.
The gnoll hits you but does no damage. The orc hits you but does no damage. x2
You shoot an arrow. The arrow closely misses the orc.
The gnoll is no longer moving quickly. x2; The gnoll misses you.
The gnoll closely misses you. The orc hits you but does no damage.
The orc closely misses you.
You shoot an arrow. The arrow completely misses the orc.
The gnoll hits you from afar with a +0 halberd.
The gnoll hits you from afar with a +0 spear.
The orc barely misses you. The orc misses you. The gnoll closely misses you.
You shoot an arrow. The arrow hits the orc!
You kill the orc!
The gnoll completely misses you. The orc barely misses you.
The gnoll hits you from afar with a +0 halberd!
You die...

........##.#+##
#....##
..............#
#....##
...##...######
#'''### #...#
###...# #...#
...##...##
#...#
¤0..#.>.##0
#...#
00¤.#...#..
#...#
0...#...##¤
#@).#
...##...###
#o).# #gg.#
.)o..# .......#
.....#...#..
#........#
..¤¤.#...#.0
....!....#
000¤.#...#..
..########
.000.#.>.#.. #.
....#...#..


You could see 2 gnolls and 2 orcs.

Vanquished Creatures
  An ogre (D:4)
  A phantom (D:4)
  3 scorpions
  2 hounds (D:4)
  3 orc priests
  A gnoll bouda (D:5)
  3 orc wizards
  An iguana (D:5)
  9 gnolls
  10 adders
  6 dart slugs
  6 orcs
  8 ball pythons
  4 bats
  6 endoplasms
  3 giant cockroaches
  2 goblins
  3 hobgoblins
  5 jackals
  A quokka (D:4)
  5 frilled lizards
  9 kobolds
  5 rats
97 creatures vanquished.

Notes
Turn   | Place    | Note
-------+----------+-------------------------------------------
     0 | D:1      | qw the Gargoyle Hunter began the quest for the Orb.
     0 | D:1      | Reached XP level 1. HP: 12/12 MP: 1/1
     0 | D:1      | 0 ||| qw: Version: 0.3-a-76-g4403597
     0 | D:1      | 0 ||| qw: Game counter: 323
     0 | D:1      | 0 ||| qw: Melee chars always use a shield: true
     0 | D:1      | 0 ||| qw: God list: Okawaru
     0 | D:1      | 0 ||| qw: Allow faded altars: false
     0 | D:1      | 0 ||| qw: Do Orc after clearing Dungeon:15 true
     0 | D:1      | 0 ||| qw: Do second Lair branch before Depths: true
     0 | D:1      | 0 ||| qw: Lair rune preference: random
     0 | D:1      | 0 ||| qw: Goals: Normal
     0 | D:1      | 0 ||| PLANNING D:1-11
   102 | D:1      | Reached XP level 2. HP: 17/17 MP: 2/2
   262 | D:1      | Found a faded altar of an unknown god.
   407 | D:1      | Reached XP level 3. HP: 21/21 MP: 3/3
   638 | D:1      | 638 ||| UPGRADING to +0 pair of gloves.
   643 | D:1      | 643 ||| UPGRADING to +0 ring mail.
   653 | D:1      | 653 ||| DROPPING +0 leather armour.
   654 | D:1      | 654 ||| DROPPING scroll of butterflies.
   797 | D:2      | Reached skill level 1 in Armour
   868 | D:2      | Reached skill level 5 in Ranged Weapons
  1099 | D:2      | Reached XP level 4. HP: 21/27 MP: 4/4
  1270 | D:2      | Reached skill level 3 in Fighting
  1607 | D:2      | 1607 ||| DROPPING amulet of magic regeneration.
  1608 | D:2      | 1608 ||| UPGRADING to ring of willpower.
  1609 | D:2      | 1609 ||| READING scroll labelled EDOOV MEOCZONG.
  1610 | D:2      | 1610 ||| READING scroll labelled HOINAFE WEEHAOGH.
  1611 | D:2      | 1611 ||| DRINKING 3 fizzy grey potions.
  1612 | D:2      | 1612 ||| DRINKING 2 metallic blue potions.
  1631 | D:3      | 1631 ||| STAIRDANCE
  1642 | D:3      | 1642 ||| STAIRDANCE
  1721 | D:3      | 1721 ||| STAIRDANCE
  1741 | D:3      | Reached XP level 5. HP: 30/32 MP: 5/5
  1797 | D:3      | Reached skill level 6 in Ranged Weapons
  2153 | D:3      | 2153 ||| READING scroll labelled JAFROENEOV.
  2154 | D:3      | 2154 ||| READING 2 scrolls of identify.
  2154 | D:3      | 2154 ||| IDENTIFYING green potion
  2192 | D:4      | Reached XP level 6. HP: 29/38 MP: 6/6
  2417 | D:4      | 2417 ||| RETREATING.
  2436 | D:4      | Reached skill level 7 in Ranged Weapons
  2470 | D:4      | Found a sacrificial altar of Ru.
  2471 | D:4      | Found a blossoming altar of Fedhas.
  2520 | D:4      | Reached XP level 7. HP: 43/43 MP: 7/7
  2769 | D:4      | 2769 ||| Stepping ~*~*~tactically~*~*~ (outnumbered).
  2796 | D:4      | Reached skill level 8 in Ranged Weapons
  3047 | D:4      | 3047 ||| FLEEEEING.
  3372 | D:4      | 3372 ||| UPGRADING to +0 cloak.
  3377 | D:4      | 3377 ||| UPGRADING to amulet of regeneration.
  3382 | D:4      | 3382 ||| READING scroll labelled QINOEL MILLAL.
  3386 | D:4      | 3386 ||| READING scroll labelled LEFEOS WESECIE.
  3397 | D:5      | Entered Level 5 of the Dungeon
  3442 | D:5      | 3442 ||| Stepping ~*~*~tactically~*~*~ (water).
  3909 | D:5      | Reached XP level 8. HP: 49/49 MP: 8/8
  3909 | D:5      | 3909 ||| Stepping ~*~*~tactically~*~*~ (outnumbered).
  3920 | D:5      | HP: 11/49 [gnoll/+0 spear[a gnoll bouda] (4)]
  3925 | D:5      | HP: 7/49 [gnoll/+0 halberd[a gnoll bouda] (2)]
  3925 | D:5      | HP: 3/49 [gnoll/+0 spear[a gnoll bouda] (4)]
  3926 | D:5      | Mangled by a gnoll

Levels and vault maps discovered:
D:1:      psy_arrival_dodecagon, layout_loops_ring,
          nicolae_ecumenical_lake_church
D:2:      layout_loops_corners, minivault_4, minmay_tripent
D:3:      layout_rooms, st_stairs_12
D:4:      layout_layer_cave, jmf_multi_god_temple, st_stairs_2,
          grunt_decor_arrowhead
D:5:      layout_basic, nemelex_altar_shiori, serial_park_tiny_2,
          corexii_item_surrounded_by_moat, saegor_snake_ambush

Skill      XL: |  1  2  3  4  5  6  7 |
---------------+----------------------+-----
Armour         | 1 2 |  2.1
Ranged Weapons | 5 6 7 8 |  8.1
Fighting       | 3 4 5 |  5.2
Dodging        | 2 |  2.1
Stealth        | |  1.1

Action                     |  1- 3 |  4- 6 |  7- 9 || total
---------------------------+-------+-------+-------++-------
   Fire: Shortbow          |    80 |   165 |   130 ||   375
    Use: Scroll            |       |     4 |     2 ||     6
         Potion            |       |     2 |       ||     2
 Armour: Leather armour    |     4 |       |       ||     4
         Ring mail         |    12 |   101 |    81 ||   194
  Dodge: Dodged            |    17 |    60 |    63 ||   140

Table legend:
 A = Non-vault XP
 B = Vault XP
 C = Vault XP percentage of total XP
 D = Non-vault monster count
 E = Vault monster count
 F = Vault count percentage of total count
                 A         B        C        D         E       F
            +---------+---------+-------+---------+---------+-------
      Total |    1164 |      88 |   7.0 |      89 |       8 |   8.2
            +---------+---------+-------+---------+---------+-------
        D:1 |      38 |       0 |   0.0 |      21 |       0 |   0.0
        D:2 |      80 |      27 |  25.2 |      19 |       3 |  13.6
        D:3 |     151 |       2 |   1.3 |      12 |       1 |   7.7
        D:4 |     710 |      45 |   6.0 |      31 |       3 |   8.8
        D:5 |     185 |      14 |   7.0 |       6 |       1 |  14.3
            +---------+---------+-------+---------+---------+-------
